 Dungeon Crawl Stone Soup version 0.30-a0-956-gcec3b41aec (webtiles) character file.

Game seed: 14476764810907658930

39610 IdlyInterested the Carver (level 13, 0/112 HPs)
             Began as a Demonspawn Gladiator on Mar 29, 2023.
             Hit by a large rock thrown by a stone giant (15 damage)
             ... on level 13 of the Dungeon.
             The game lasted 00:51:50 (15100 turns).

IdlyInterested the Carver (Demonspawn Gladiator)   Turns: 15100, Time: 00:51:51

Health: 0/112      AC: 15    Str: 19    XL:     13   Next: 70%
Magic:  13/13      EV: 30    Int:  8    God:
Gold:   753        SH:  8    Dex: 27    Spells: 12/12 levels left

rFire   + . .      SeeInvis .    X - +0 scimitar (elec)
rCold   + . .      Faith    .    U - +0 buckler {rC+}
rNeg    . . .      Spirit   .    A - +1 chain mail {rF+}
rPois   .          Reflect  .    (helmet restricted)
rElec   .          Rampage  .    y - +2 cloak
rCorr   .          Clarity  +    K - +0 pair of gloves
Will    .....                    (no boots)
Stlth   +                        F - amulet of the acrobat
HPRegen 0.38/turn                u - +6 ring of strength
MPRegen 0.13/turn                W - +5 ring of evasion

@: acrobatic
A: horns 2, rugged brown scales 1, foul stench 2, spiny 2, thin skeletal
structure 1, agile 1, clarity
a: no special abilities


You were on level 13 of the Dungeon.
You visited 2 branches of the dungeon, and saw 16 of its levels.

You collected 753 gold pieces.

Inventory:

Hand Weapons
 a - a +1 vampiric long sword
 l - the +4 dagger of Sodi {flame, +Blink rC+}
   (You found it on level 13 of the Dungeon)

   rC:        It protects you from cold.
   +Blink:    It lets you blink.
 X - a +0 scimitar of electrocution (weapon)
Missiles
 d - 8 throwing nets
 e - 4 javelins
 h - 30 poisoned darts (quivered)
 i - 144 stones
 G - 3 curare-tipped darts
 H - 12 boomerangs
Armour
 k - an orb of wrath
 y - a +2 cloak (worn)
 A - a +1 chain mail of fire resistance (worn)
 E - a +0 leather armour of cold resistance
 K - a +0 pair of gloves (worn)
 U - a +0 buckler of cold resistance (worn)
Jewellery
 b - a ring of fire
 s - a ring of wizardry
 u - a +6 ring of strength (left hand)
 F - an amulet of the acrobat (around neck)
 M - a +6 ring of strength
 W - a +5 ring of evasion (right hand)
 Z - a ring of magical power
Wands
 n - a wand of acid (4)
 t - a wand of flame (11)
 z - a wand of paralysis (9)
 D - a wand of polymorph (5)
 R - a wand of mindburst (4)
 T - a wand of digging (5)
Scrolls
 m - 11 scrolls of teleportation
 o - a scroll of enchant armour
 p - a scroll of magic mapping
 B - a scroll of silence
 C - 2 scrolls of brand weapon
 I - 4 scrolls of enchant weapon
 J - 5 scrolls of identify
 V - 2 scrolls of fear
 Y - 2 scrolls of butterflies
Potions
 f - 3 potions of resistance
 q - 8 potions of curing
 v - 7 potions of brilliance
 w - 2 potions of mutation
 x - a potion of magic
 L - a potion of haste
 O - 2 potions of ambrosia


   Skills:
 + Level 12.6 Fighting
 * Level 13.8 Long Blades
 - Level 4.0 Throwing
 + Level 4.2 Armour
 - Level 5.0 Dodging
 - Level 4.0 Stealth
 - Level 10.0 Shields
 - Level 4.0 Evocations


You had 12 spell levels left.
You didn't know any spells.
Your spell library contained the following spells:

 Spells                   Type           Power      Damage    Failure   Level
 Shock                    Conj/Air       0%         1d3       99%         1
 Slow                     Hex            0%         N/A       99%         1
 Sting                    Tmut/Pois      0%         1d3       99%         1
 Blink                    Tloc           0%         N/A       100%        2
 Lesser Beckoning         Tloc           0%         N/A       100%        2
 Momentum Strike          Conj/Tloc      0%         3d8       100%        2
 Poisonous Vapours        Pois/Air       0%         N/A       100%        2
 Confusing Touch          Hex            0%         N/A       100%        3
 Gell's Gravitas          Tloc           0%         N/A       100%        3
 Ignite Poison            Fire/Tmut/Pois 0%         N/A       100%        3
 Swiftness                Air            0%         N/A       100%        3
 Teleport Other           Tloc           0%         N/A       100%        3
 Vampiric Draining        Necr           0%         2d6       100%        3
 Airstrike                Air            0%         2d(0-16)  100%        4
 Manifold Assault         Tloc           0%         N/A       100%        4
 Olgreb's Toxic Radiance  Pois           0%         N/A       100%        4
 Sticky Flame             Conj/Fire      0%         2d3       100%        4
 Summon Forest            Summ/Tloc      0%         N/A       100%        5
 Dispersal                Tloc           0%         N/A       100%        6
 Eringya's Noxious Bog    Tmut/Pois      0%         N/A       100%        6
 Summon Hydra             Summ           0%         N/A       100%        7
 Disjunction              Tloc           0%         N/A       100%        8
 Ignition                 Fire           0%         3d3       100%        8


Dungeon Overview and Level Annotations

Branches:
Dungeon (15/15)            Temple (1/1) D:4            Lair (0/5) D:10
    Orc (0/2) D:10
 Vaults: D:13-14     Depths: D:15

Altars:
Ashenzari
Cheibriados
Dithmenos
Fedhas
Gozag
Hepliaklqana
Kikubaaqudgha
Makhleb
Nemelex Xobeh
Okawaru
Qazlal
Ru
Sif Muna
Trog
Uskayaw
Vehumet
Wu Jian
Xom
Yredelemnul

Shops:
D:3 [   D:5 :   D:11 [?

Portals:
Abyss: D:6
Trove: D:12 (give horn of Geryon)


Innate Abilities, Weirdness & Mutations

You have a pair of horns on your head.
You are partially covered in rugged brown scales. (AC +1, +3% HP)
You sometimes emit foul miasma when damaged in melee.
You are mostly covered in sharp spines.
You have a somewhat thin skeletal structure. (Dex +2, Stealth+)
You are agile. (Dex +4, Str/Int -1)
You possess an exceptional clarity of mind.


Message History

You barely miss the deep elf pyromancer.
You headbutt the deep elf pyromancer.
The deep elf pyromancer is lightly wounded.
The deep elf pyromancer is struck by your spines.
The deep elf pyromancer barely misses you.
The fire elemental hits you. The fire elemental burns you! You resist.
You hit the deep elf pyromancer.
The deep elf pyromancer is moderately wounded.
You closely miss the deep elf pyromancer.
Your headbutt misses the deep elf pyromancer.
The deep elf pyromancer is moderately wounded.
The fire elemental hits you. The fire elemental burns you! You resist.
* * * LOW HITPOINT WARNING * * *
The deep elf pyromancer misses you.
You miss the deep elf pyromancer.
The deep elf pyromancer is moderately wounded.
The fire elemental barely misses you.
You hit the deep elf pyromancer.
The deep elf pyromancer is heavily wounded.
The deep elf pyromancer points at you and mumbles some strange words.
The sticky flame misses you.
You slash the deep elf pyromancer! You headbutt the deep elf pyromancer.
The deep elf pyromancer is severely wounded.
The fire elemental is struck by your spines.
The fire elemental closely misses you.
You hit the deep elf pyromancer. You headbutt the deep elf pyromancer.
You kill the deep elf pyromancer!
The fire elemental disappears in a puff of smoke! x2
You start resting.
Your extra speed is starting to run out.
You start resting.
You feel yourself slow down.
You start resting.
A stone giant comes into view.
The stone giant shouts!
Items here: ! $ ) ? [ †.
The stone giant throws a large rock.
The large rock hits you!!
* * * LOW HITPOINT WARNING * * *
The stone giant throws a large rock.
The large rock hits you!
You die...

.####.###.#... #
..........#.###.####.
#..........)†.......#
#......()######.###..
##.......<# #
........C.#
..........#
..........#
.......@.[#
..........#
########).# #()# #..#
#..# #.)# #######..#
########
#######..(....)#
#..<...#


You could see a stone giant.

Vanquished Creatures
  An ogre mage (D:15)
  7 centaur warriors
  A hydra (D:13)
  A catoblepas (D:13)
  8 two-headed ogres
  A tengu warrior (D:14)
  A death knight (D:14)
  6 skeletal warriors
  Pikel (D:6)
  An ugly thing (D:13)
  The ghost of Demosthentine the Trooper, a novice DsGl of Jiyva (D:6)
  A deep elf pyromancer (D:13)
  A toenail golem (D:6)
  Maurice (D:11)
  3 manticores
  7 cyclopes
  5 slime creatures
  4 gargoyles
  2 unseen horrors
  3 kobold demonologists (D:12)
  3 komodo dragons (D:11)
  A freezing wraith (D:15)
  4 trolls
  Prince Ribbit (D:5)
  A raiju (D:6)
  Sigmund (D:6)
  A shadow (D:10)
  5 wyverns
  3 wraiths (D:13)
  18 yaks
  2 basilisks (D:12)
  12 vampire mosquitoes
  2 redbacks
  An acid dragon (D:9)
  4 water moccasins
  4 orc warriors
  Duvessa (D:4)
  4 black bears
  5 ogres
  A phantom (D:6)
  14 centaurs
  4 wolves (D:10)
  Blork the orc (D:5)
  6 kobold brigands
  2 bullfrogs (D:6)
  5 gnoll sergeants
  6 scorpions
  A small abomination (D:6)
  4 wights
  Dowan (D:4)
  A killer bee (D:11)
  4 howler monkeys
  A crimson imp (D:10)
  7 orc priests
  A quasit (D:6)
  3 jellies
  3 gnoll boudas
  8 hounds
  Crazy Yiuf (D:6)
  Ijyb (D:3)
  2 iguanas (D:7)
  12 orc wizards
  A sleepcap (D:5)
  34 gnolls
  5 adders
  3 shadow imps
  3 white imps
  3 ufetubi
  3 worms
  2 dart slugs
  39 orcs
  10 ball pythons
  8 endoplasms
  3 giant cockroaches
  7 goblins
  5 hobgoblins
  5 jackals
  11 kobolds
  3 quokkas
  6 bats
  5 frilled lizards
  8 rats
382 creatures vanquished.

Vanquished Creatures (others)
  A fungus (D:10)
  14 plants (D:10)
  A withered plant (D:15)
16 creatures vanquished.

Grand Total: 398 creatures vanquished

Notes
Turn   | Place    | Note
-------+----------+-------------------------------------------
     0 | D:1      | IdlyInterested the Demonspawn Gladiator began the quest for
                  | the Orb.
     0 | D:1      | Reached XP level 1. HP: 16/16 MP: 1/1
   291 | D:1      | Gained mutation: You are partially covered in sharp spines.
                  | [demonic ancestry]
   291 | D:1      | Reached XP level 2. HP: 22/22 MP: 2/2
   479 | D:1      | Reached skill level 3 in Long Blades
  1362 | D:2      | Gained mutation: You have a pair of small horns on your
                  | head. [demonic ancestry]
  1362 | D:2      | Reached XP level 3. HP: 28/28 MP: 3/3
  1486 | D:2      | Identified the +9 spear of Focus {pain, rC+ Str+5 Dex+6}
  1613 | D:2      | Reached skill level 1 in Armour
  2333 | D:3      | Gained mutation: You are partially covered in rugged brown
                  | scales. (AC +1, +3% HP) [demonic ancestry]
  2333 | D:3      | Reached XP level 4. HP: 29/36 MP: 4/4
  2420 | D:3      | Noticed a scorpion
  2423 | D:3      | Killed a scorpion
  2424 | D:3      | Reached skill level 1 in Stealth
  2424 | D:3      | Gained mutation: You are mostly covered in sharp spines.
                  | [demonic ancestry]
  2424 | D:3      | Reached XP level 5. HP: 43/43 MP: 5/5
  2451 | D:3      | Found a faded altar of an unknown god.
  2533 | D:3      | Found Xaonku Pemi's Antique Armour Shop.
  2595 | D:3      | Found a radiant altar of Vehumet.
  2684 | D:3      | Noticed Ijyb
  2689 | D:3      | Killed Ijyb
  2690 | D:3      | Reached skill level 4 in Long Blades
  3171 | D:4      | Reached skill level 1 in Evocations
  3178 | D:4      | Reached XP level 6. HP: 50/50 MP: 6/6
  3490 | D:4      | Found a staircase to the Ecumenical Temple.
  3506 | Temple   | Entered the Ecumenical Temple
  3676 | D:4      | Noticed Dowan
  3677 | D:4      | Noticed Duvessa
  3686 | D:4      | Killed Dowan
  3687 | D:4      | Killed Duvessa
  3688 | D:4      | Reached skill level 5 in Fighting
  3688 | D:4      | Reached skill level 5 in Long Blades
  3688 | D:4      | Gained mutation: You may rarely emit foul miasma when
                  | damaged in melee. [demonic ancestry]
  3688 | D:4      | Reached XP level 7. HP: 52/57 MP: 7/7
  4197 | D:5      | Entered Level 5 of the Dungeon
  4197 | D:5      | Found an ornate altar of the Wu Jian Council.
  4201 | D:5      | Found Zugis's Book Emporium.
  4289 | D:5      | Reached skill level 6 in Long Blades
  4289 | D:5      | Reached XP level 8. HP: 65/65 MP: 8/8
  4332 | D:5      | Noticed Prince Ribbit
  4347 | D:5      | Killed Prince Ribbit
  4583 | D:5      | Noticed Blork the orc
  4588 | D:5      | Killed Blork the orc
  4765 | D:5      | Reached skill level 7 in Long Blades
  5145 | D:6      | Noticed Pikel
  5149 | D:6      | Killed Pikel
  5150 | D:6      | Reached XP level 9. HP: 76/76 MP: 9/9
  5249 | D:6      | Found a runed translucent door.
  5250 | D:6      | Noticed Crazy Yiuf
  5305 | D:6      | Reached skill level 8 in Long Blades
  5378 | D:6      | Noticed Sigmund
  5385 | D:6      | Killed Sigmund
  5424 | D:6      | Found a basalt altar of Yredelemnul.
  5554 | D:6      | Found a transporter.
  5557 | D:6      | Found a transporter.
  5562 | D:6      | Found a one-way gate to the infinite horrors of the Abyss.
  5562 | D:6      | Noticed Demosthentine's ghost (novice DsGl)
  5562 | D:6      | Noticed a toenail golem
  5819 | D:6      | Killed Crazy Yiuf
  5988 | D:6      | Killed Demosthentine's ghost
  6020 | D:6      | Killed a toenail golem
  6021 | D:6      | Reached skill level 9 in Long Blades
  6021 | D:6      | Gained mutation: You sometimes emit foul miasma when
                  | damaged in melee. [demonic ancestry]
  6021 | D:6      | Reached XP level 10. HP: 71/86 MP: 10/10
  6757 | D:7      | Reached skill level 10 in Fighting
  7735 | D:8      | Noticed a two-headed ogre
  7742 | D:8      | Killed a two-headed ogre
  7858 | D:8      | Noticed a two-headed ogre
  7867 | D:8      | Killed a two-headed ogre
  8003 | D:8      | Reached skill level 10 in Long Blades
  8674 | D:9      | Gained mutation: You have a pair of horns on your head.
                  | [demonic ancestry]
  8674 | D:9      | Reached XP level 11. HP: 55/94 MP: 11/11
  9172 | D:9      | Noticed a two-headed ogre
  9179 | D:9      | Killed a two-headed ogre
  9352 | D:9      | Noticed a two-headed ogre
  9357 | D:9      | Killed a two-headed ogre
  9381 | D:9      | Noticed a two-headed ogre
  9390 | D:9      | Killed a two-headed ogre
  9609 | D:9      | Noticed a centaur warrior
  9618 | D:9      | Killed a centaur warrior
  9619 | D:9      | Reached skill level 5 in Shields
  9830 | D:10     | Entered Level 10 of the Dungeon
  9978 | D:10     | Reached skill level 11 in Long Blades
 10252 | D:10     | Found a staircase to the Lair.
 10452 | D:10     | Gained mutation: Your body sometimes deteriorates upon
                  | taking damage. [potion of mutation]
 10452 | D:10     | Gained mutation: You are weak. (Str -2) [potion of
                  | mutation]
 10452 | D:10     | Gained mutation: You have large cloven feet. [potion of
                  | mutation]
 10453 | D:10     | Lost mutation: You are weak. (Str -2) [potion of mutation]
 10453 | D:10     | Lost mutation: Your body sometimes deteriorates upon taking
                  | damage. [potion of mutation]
 10453 | D:10     | Gained mutation: You sometimes lose your temper in combat.
                  | [potion of mutation]
 10453 | D:10     | Gained mutation: You are weak. (Str -2) [potion of
                  | mutation]
 10473 | D:10     | Found a staircase to the Orcish Mines.
 10582 | D:10     | Found a sparkling altar of Nemelex Xobeh.
 10584 | D:10     | Found a snail-covered altar of Cheibriados.
 10688 | D:11     | Noticed Maurice
 10696 | D:11     | Killed Maurice
 10718 | D:10     | Lost mutation: You have large cloven feet. [potion of
                  | mutation]
 10718 | D:10     | Lost mutation: You sometimes lose your temper in combat.
                  | [potion of mutation]
 10718 | D:10     | Lost mutation: You are weak. (Str -2) [potion of mutation]
 10718 | D:10     | Gained mutation: You are agile. (Dex +4, Str/Int -1)
                  | [potion of mutation]
 10718 | D:10     | Gained mutation: You have a somewhat thin skeletal
                  | structure. (Dex +2, Stealth+) [potion of mutation]
 10718 | D:10     | Gained mutation: You possess an exceptional clarity of
                  | mind. [potion of mutation]
 10880 | D:11     | Found an ancient bone altar of Kikubaaqudgha.
 11022 | D:11     | Noticed a two-headed ogre
 11023 | D:11     | Noticed a two-headed ogre
 11035 | D:11     | Killed a two-headed ogre
 11040 | D:11     | Killed a two-headed ogre
 11041 | D:11     | Reached XP level 12. HP: 56/103 MP: 12/12
 11262 | D:11     | Noticed a centaur warrior
 11272 | D:11     | Killed a centaur warrior
 11572 | D:11     | Found Dic Muorgh's Armour Shoppe.
 11668 | D:11     | Found Dadod's Magic Scroll Boutique.
 12092 | D:12     | Found a portal to a secret trove of treasure.
 12099 | D:12     | Reached skill level 12 in Long Blades
 12477 | D:12     | You fall into a shaft and drop 3 floors!
 12477 | D:15     | Entered Level 15 of the Dungeon
 12515 | D:15     | Noticed a centaur warrior
 12522 | D:15     | Killed a centaur warrior
 12731 | D:15     | Noticed an ogre mage
 12732 | D:15     | Noticed a two-headed ogre
 12732 | D:15     | Paralysed by something for 3 turns
 12748 | D:15     | Killed a two-headed ogre
 12750 | D:15     | Paralysed by something for 2 turns
 12753 | D:15     | Killed an ogre mage
 13018 | D:14     | Noticed a death knight
 13025 | D:14     | Reached XP level 13. HP: 50/111 MP: 13/13
 13438 | D:14     | Reached skill level 13 in Long Blades
 14599 | D:13     | Identified the +4 dagger of Sodi {flame, +Blink rC+}
 14621 | D:13     | Identified the +0 robe of Duorghapt {Int+3}
 14625 | D:13     | Identified the +9 sling of Watchfulness {elec, rC+ Str-4
                  | Int+3}
 14958 | D:13     | Reached skill level 10 in Shields
 15007 | D:13     | Reached skill level 5 in Dodging
 15097 | D:13     | Noticed a stone giant
 15100 | D:13     | Hit by a large rock thrown by a stone giant

Illustrated notes

Levels and vault maps discovered:
D:1:      heliophobic_arrival_battle_scene, layout_basic, serial_bayou_pond_c,
          columned_hall_lemuel, corexii_item_surrounded_by_moat
D:2:      layout_loops_ring, nicolae_figureground_pulse
D:3:      layout_loops_ring, vehumet_altar_wand_db, serial_shops, shop,
          hellmonk_ecumenical_altar_arch_garden, minmay_quadrilaterals,
          uniq_ijyb
D:4:      layout_basic, minmay_temple_entry_arrows, uniq_duvessa
D:5:      layout_cave_pools, nicolae_overflow_crystal_walls, serial_gnoll_camp,
          gnoll_camp_mini_sergeant, gnoll_camp_mini_shop, gnoll_camp_mini_hut,
          gnoll_camp_mini_hut, gnoll_camp_mini_house, gnoll_camp_mini_basic,
          roderic_serpentine_path, uniq_prince_ribbit1, uniq_blork_the_orc
D:6:      layout_rooms, mainiacjoe_overflow_surrounded_room,
          gammafunk_ghost_abyssal_escape, minmay_chambers_of_fives,
          uniq_crazy_yiuf_cottage, uniq_pikel, uniq_sigmund
D:7:      layout_basic, minmay_misc_feat_pillars
D:8:      layout_basic, mainiacjoe_overflow_paths, kennysheep_minor_cross
D:9:      minmay_skewed_foursquare, layout_cave_pods
D:10:     layout_rooms, nicolae_overflow_hidden_temple, minmay_lair_entry_grove,
          orc_0_dummy, minmay_fire_ice_demons
D:11:     minmay_opposing_rooms, layout_basic, serial_shops,
          nicolae_shop_hallway_plus, nicolae_shop_hallway_plus,
          kiku_gazebo_pond_becter, uniq_maurice
D:12:     layout_loops_ring, enter_trove_1, kennysheep_small_square
D:13:     minmay_the_grid_square_5x5_4x4_mashed
          [minmay_the_grid_square_5x5_longway,
          minmay_the_grid_square_5x5_minivault,
          minmay_the_grid_square_5x5_broken_cross,
          minmay_the_grid_square_5x5_eight, minmay_the_grid_square_5x5_meh,
          minmay_the_grid_square_5x5_prize_monsterx,
          minmay_the_grid_square_5x5_prize_open,
          minmay_the_grid_square_5x5_shrine2, minmay_the_grid_square_5x5_empty,
          minmay_the_grid_square_5x5_prize_snowflake,
          minmay_the_grid_square_5x5_prize_gold, minmay_the_grid_square_5x5_six,
          minmay_the_grid_square_5x5_tie, minmay_the_grid_square_5x5_c,
          minmay_the_grid_square_5x5_checkered,
          minmay_the_grid_square_5x5_seven], layout_basic
D:14:     layout_roguey, hangedman_vaults_entry_quadrant_bands, serial_shops,
          kennysheep_mini, shop, grunt_decor_cap, uniq_rupert
D:15:     gammafunk_depths_entry_grave, layout_stronghold, serial_shops, shop,
          minmay_strange_pillars, dk_noncrumbling_2, bloody_trog, uniq_josephine
Temple:   nicolae_temple_superstar

Skill      XL: |  1  2  3  4  5  6  7  8  9 10 11 12 13 |
---------------+----------------------------------------+-----
Long Blades    | 3 4 5 6 7 9 10 11 12 13 | 13.8
Armour         | 1 2 3 4 |  4.2
Fighting       | 3 4 5 6 8 9 10 11 12 | 12.6
Stealth        | 1 2 3 4 |  4.0
Evocations     | 1 2 3 4 |  4.0
Throwing       | 2 3 4 |  4.0
Dodging        | 3 4 5 |  5.0
Shields        | 4 6 8 10 | 10.0

Action                     |  1- 3 |  4- 6 |  7- 9 | 10-12 | 13-15 || total
---------------------------+-------+-------+-------+-------+-------++-------
  Melee: Long sword        |    60 |       |       |    15 |       ||    75
         Spear             |    20 |    55 |   149 |    37 |       ||   261
         Headbutt          |       |     7 |    36 |   100 |    63 ||   206
         Scimitar          |       |       |       |   373 |   184 ||   557
         Kick              |       |       |       |     6 |       ||     6
         Dagger            |       |       |       |       |     1 ||     1
  Throw: Dart              |       |       |       |    19 |     6 ||    25
         Boomerang         |       |       |       |     3 |       ||     3
  Evoke: Wand              |       |       |       |       |     5 ||     5
    Use: Scroll            |     5 |     9 |     2 |    12 |     1 ||    29
         Potion            |       |       |       |     6 |     7 ||    13
   Stab: Sleeping          |     3 |     1 |       |       |       ||     4
 Armour: Ring mail         |    21 |     3 |       |       |       ||    24
         Leather armour    |     3 |       |       |       |       ||     3
         Chain mail        |       |    13 |    53 |   144 |    48 ||   258
  Dodge: Dodged            |    32 |    17 |   107 |   329 |   106 ||   591
  Block: Buckler           |       |       |       |   132 |    60 ||   192

Table legend: (Time is in decaauts)
 A = Elapsed time spent in this place.
 B = Non-inter-level travel time spent in this place.
 C = Inter-level travel time spent in this place.
 D = Time resting spent in this place.
 E = Time spent auto-exploring this place.
 F = Levels seen in this place.
 G = Mean time per level.
                   A        B        C        D        E       F      G
               +--------+--------+--------+--------+--------+-----+--------+
         Total |  15459 |  13591 |   1868 |   1984 |   8230 |  16 |  966.2 |
       Dungeon |  15353 |  13501 |   1852 |   1984 |   8157 |  15 | 1023.5 |
        Temple |    105 |     89 |     16 |      0 |     73 |   1 |  105.0 |
               +--------+--------+--------+--------+--------+-----+--------+

Top non-repeatable levels by time:
    D:11: 1600 daAuts
     D:9: 1529 daAuts
     D:1: 1317 daAuts
     D:7: 1170 daAuts
     D:2: 1159 daAuts
     D:6: 1111 daAuts
     D:4: 1101 daAuts
     D:8: 1009 daAuts
     D:5: 997 daAuts
    D:12: 993 daAuts
     D:3: 838 daAuts
    D:10: 826 daAuts
    D:14: 730 daAuts
    D:15: 527 daAuts
    D:13: 440 daAuts
